 Dungeon Crawl Stone Soup version 0.30.0-15-g856e2d3f33 (webtiles) character file.

Game seed: 5413598788487255414

32 RascalDebosk the Magician (level 3, 0/25 HPs)
             Began as a Djinni Enchanter on May 20, 2023.
             Killed by nerve-wracking pain
             ... invoked by Jessica
              (7 damage)
             ... on level 2 of the Dungeon.
             The game lasted 00:11:39 (1095 turns).

RascalDebosk the Magician (Djinni Enchanter)        Turns: 1095, Time: 00:11:40

Health: 0/25       AC:  4    Str:  7    XL:     3   Next: 45%
Gold:   28         EV: 27    Int: 18    God:
                   SH:  0    Dex: 13

rFire   + + .        s - +1 dagger
rCold   x . .        (no shield)
rNeg    . . .        b - +0 robe
rPois   ∞            l - +1 hat
rElec   .            (no cloak)
rCorr   +            n - +0 pair of gloves
SInv    .            (boots unavailable)
Will    .....        m - amulet of the acrobat
Stlth   ++           j - ring of resist corrosion
HPRegen 0.24/turn    (no ring)
MPRegen 0.00/turn

%: acrobat, infuse magic (-1 HP)
@: acrobatic, flying
A: sickness immunity, fire resistance 2, cold vulnerability 1, float, innate
caster, HP casting, extra vitality 1
a: no special abilities


You were on level 2 of the Dungeon.
You visited 1 branch of the dungeon, and saw 2 of its levels.

You collected 28 gold pieces.

Inventory:

Hand Weapons
 s - a +1 dagger (weapon)
Armour
 b - a +0 robe (worn)
 g - a +0 ring mail
 l - a +1 hat (worn)
 n - a +0 pair of gloves (worn)
Jewellery
 j - a ring of resist corrosion (left hand)
 m - an amulet of the acrobat (around neck)
Scrolls
 d - a scroll of teleportation {unknown}
 h - a scroll of blinking {unknown}
 i - 2 scrolls of immolation {unknown}
 k - a scroll of identify {unknown}
 o - a scroll of magic mapping {unknown}
Potions
 a - 2 potions of flight {unknown}
 c - 2 potions of invisibility
 e - a potion of heal wounds {unknown}
 f - a potion of mutation {unknown}


   Skills:
 - Level 0.8 Short Blades
 - Level 2.1 Dodging
 - Level 2.4 Stealth
 * Level 3.3 Spellcasting


You knew the following spells:

 Your Spells              Type           Power      Damage    Failure   Level
a - Ensorcelled Hibernat  Hex/Ice        30%        N/A       6%          2
b - Confusing Touch       Hex            15%        N/A       12%         3
c - Tukima's Dance        Hex            15%        N/A       12%         3
d - Dazzling Flash        Conj/Hex       30%        N/A       12%         3
e - Sandblast             Erth           30%        2d9       4%          1
Your spell library was empty.

Dungeon Overview and Level Annotations

Branches:
Dungeon (2/15)

Altars:

Annotations:
D:2 Jessica


Innate Abilities, Weirdness & Mutations

You are immune to sickness and miasma.
You are immune to poison.
Your flesh is very heat resistant. (rF++)
You are vulnerable to cold. (rC-)
You float through the air rather than walking.
You learn spells naturally, not from books.
Your magical power is your life essence.
You have superior vitality. (+4 MHP)


Message History

Aim: a rat (chance to affect: 66%)
The rat struggles to resist.
The rat closely misses you.
Casting: Ensorcelled Hibernation (safe; 6% risk of failure)
Confirm with . or Enter, or press ? or * to list all spells.
Aiming: Ensorcelled Hibernation (safe; 6% risk of failure)
Press: ? - help, Shift-Dir - straight line, f/p - rat
Aim: a rat (chance to affect: 66%)
The rat looks drowsy...
The helpless rat fails to defend itself.
You puncture the rat!
You kill the rat!
Things that are here:
a +0 dagger; a rat corpse; a goblin corpse You start resting.
HP restored.
There is a stone staircase leading up here.
o - a scroll labelled MEUC EKAUPO A kobold comes into view.
It is wielding a +0 dagger.
Found a stone staircase leading down.
A kobold comes into view. It is wielding a +0 short sword.
Found a ring mail.
Jessica the Apprentice Sorceress comes into view.
She is wielding a +0 club and wearing a +1 robe of the Archmagi.
The kobold shouts!
Jessica shouts!
Jessica mumbles some strange words.
Jessica blinks!
Casting: Ensorcelled Hibernation (safe; 6% risk of failure)
Confirm with . or Enter, or press ? or * to list all spells.
You can't see any susceptible monsters within range! (Use Z to cast anyway.)
Casting: Ensorcelled Hibernation (safe; 6% risk of failure)
Confirm with . or Enter, or press ? or * to list all spells.
The spell is quite dangerous to miscast (12% risk of failure)!
Continue anyway?
Aiming: Tukima's Dance (quite dangerous; 12% risk of failure)
Press: ? - help, Shift-Dir - straight line, f - kobold
Aim: a kobold, wielding a +0 dagger (chance to affect: 66%)
You miscast Tukima's Dance.
You are very lightly contaminated with residual magic.
Nothing appears to happen.
Unknown command.
Casting: Tukima's Dance (quite dangerous; 12% risk of failure)
Confirm with . or Enter, or press ? or * to list all spells.
The spell is quite dangerous to miscast (12% risk of failure)!
Continue anyway?
Aiming: Tukima's Dance (quite dangerous; 12% risk of failure)
Press: ? - help, Shift-Dir - straight line, f/p - kobold
Aim: a kobold, wielding a +0 dagger (chance to affect: 66%)
The +0 dagger dances into the air!
The kobold hits your +0 dagger.
The kobold hits your +0 dagger.
Your +0 dagger barely misses the kobold.
The kobold hits your +0 dagger.
Your +0 dagger closely misses the kobold.
Casting: Tukima's Dance (quite dangerous; 12% risk of failure)
Confirm with . or Enter, or press ? or * to list all spells.
The spell is quite dangerous to miscast (12% risk of failure)!
Continue anyway?
Aiming: Tukima's Dance (quite dangerous; 12% risk of failure)
Press: ? - help, Shift-Dir - straight line, f - Jessica, p - kobold
Aim: Jessica, wielding a +0 club and wearing a +1 robe of the Archmagi (chance to affect: 57%) Jessica resists with significant effort.
Jessica hits your +0 dagger with a +0 club.
Your +0 dagger falls from the air.
Casting: Tukima's Dance (quite dangerous; 12% risk of failure)
Confirm with . or Enter, or press ? or * to list all spells.
Aiming: Ensorcelled Hibernation (safe; 6% risk of failure)
Press: ? - help, Shift-Dir - straight line, f/p - Jessica
Aim: Jessica, wielding a +0 club and wearing a +1 robe of the Archmagi (chance to affect: 57%) Jessica looks drowsy...
Casting: Ensorcelled Hibernation (safe; 6% risk of failure)
Confirm with . or Enter, or press ? or * to list all spells.
Aiming: Ensorcelled Hibernation (safe; 6% risk of failure)
Press: ? - help, Shift-Dir - straight line, f - kobold, p - Jessica
Aim: a kobold (chance to affect: 66%)
You miscast Ensorcelled Hibernation.
Nothing appears to happen.
The kobold hits you but does no damage.
Casting: Ensorcelled Hibernation (safe; 6% risk of failure)
Confirm with . or Enter, or press ? or * to list all spells.
Aiming: Ensorcelled Hibernation (safe; 6% risk of failure)
Press: ? - help, Shift-Dir - straight line, f/p - kobold
Aim: a kobold (chance to affect: 66%)
The kobold looks drowsy...
* * * LOW HITPOINT WARNING * * *
Jessica shouts!
The helpless kobold fails to defend itself.
You puncture the kobold!
You kill the kobold!
You barely miss Jessica. Jessica hits you with a +0 club.
* * * LOW HITPOINT WARNING * * *
You hit Jessica but do no damage. Jessica hits you with a +0 club.
* * * LOW HITPOINT WARNING * * *
You hit Jessica.
Jessica is moderately wounded.
Jessica casts a spell.
Jessica blinks!
Jessica casts a spell.
Jessica blinks!
Jessica says, "Why did you come here?"
You see here a +0 dagger.
Unknown command.
Your magical contamination has completely faded away.
Jessica looks very angry.
Jessica points at you and mumbles some strange words.
Pain shoots through your body!
You die...

#.#####..######
#. #...##...# #
###.##...#
#.##...#
#.##...##
#).....[K
#..#...## #..#
..# #@.# ...
#@.# .. ...>. #
#.......
.##....... .#
####### #


You could see Jessica.

Vanquished Creatures
  A dart slug (D:1)
  6 ball pythons (D:1)
  3 bats (D:1)
  2 endoplasms (D:1)
  A giant cockroach (D:1)
  5 goblins
  A hobgoblin (D:1)
  3 kobolds
  4 frilled lizards (D:1)
  3 rats
29 creatures vanquished.

Vanquished Creatures (others)
  A dancing weapon (D:2)
1 creature vanquished.

Grand Total: 30 creatures vanquished

Notes
Turn   | Place    | Note
-------+----------+-------------------------------------------
     0 | D:1      | RascalDebosk the Djinni Enchanter began the quest for the
                  | Orb.
     0 | D:1      | RascalDebosk set off with the following spells memorised:
                  | Ensorcelled Hibernation, Confusing Touch, Tukima's Dance,
                  | Dazzling Flash.
     0 | D:1      | Reached XP level 1. HP: 15/15 MP: 0/0
   159 | D:1      | Reached XP level 2. HP: 21/21 MP: 0/0
   300 | D:1      | Reached skill level 3 in Spellcasting
   487 | D:1      | Reached XP level 3. HP: 16/25 MP: 0/0
   487 | D:1      | Learned a level 1 spell: Sandblast
  1076 | D:2      | Noticed Jessica
  1095 | D:2      | Killed from afar by Jessica

Illustrated notes

Levels and vault maps discovered:
D:1:      lemuel_arrival_broad_hall, layout_rooms
D:2:      layout_loops_ring, basic_altar, uniq_jessica

Skill      XL: |  1  2 |
---------------+-------+-----
Spellcasting   | 3 |  3.3
Short Blades   | |  0.8
Dodging        | |  2.1
Stealth        | |  2.4

Action                     || total
---------------------------++-------
  Melee: Dagger            ||    48
   Cast: Ensorcelled Hiber ||    36
         Tukima's Dance    ||     2
   Stab: Sleeping          ||    25
 Armour: Robe              ||    12
  Dodge: Dodged            ||    33
